TOP OF THE 1ST |
Tri-City ValleyCats batting - Pitching for Los Angeles (NYP) Angels : RHP Kunihiro Sasaki
|
Pitching: RHP Kunihiro Sasaki
|
|
Batting: RHB Patrick Pinault
|
0-0: Foul Ball, location: 2F 0-1: Ball 1-1: Called Strike 1-2: Foul Ball, location: 2F 1-2: Strikes out swinging
|
Batting: RHB Jason Monico
|
0-0: Called Strike 0-1: Swinging Strike 0-2: Ground out 6-3 (Groundball, 56, EV 90.6 MPH)
|
Batting: RHB Josh Broome
|
0-0: Ball 1-0: Ball 2-0: Ground out 6-3 (Groundball, 6, EV 81.9 MPH)
|
Top of the 1st over - 0 runs, 0 hits, 0 errors, 0 left on base; Tri-City 0 - Los Angeles (NYP) 0 |
BOTTOM OF THE 1ST |
Los Angeles (NYP) Angels batting - Pitching for Tri-City ValleyCats : RHP Hector Carrillo
|
Pitching: RHP Hector Carrillo
|
|
Batting: RHB Ken Hillman
|
0-0: Ball 1-0: Ball 2-0: Ball 3-0: Base on Balls
|
Batting: RHB Scott Webb
|
0-0: Swinging Strike 0-1: Ball Ken Hillman is caught stealing 2nd base 2-4 1-1: Called Strike 1-2: Foul Ball, location: 2F 1-2: Ball 2-2: Foul Ball, location: 2F 2-2: Ball 3-2: Base on Balls
|
Batting: LHB Edgar van der Meeren
|
0-0: Grounds out, U3 (Groundball, 3L, EV 80.0 MPH)
|
Batting: RHB Ivan Barrientos
|
0-0: Ball 1-0: Called Strike 1-1: Swinging Strike 1-2: Strikes out swinging
|
Bottom of the 1st over - 0 runs, 0 hits, 0 errors, 1 left on base; Tri-City 0 - Los Angeles (NYP) 0 |
TOP OF THE 2ND |
Tri-City ValleyCats batting - Pitching for Los Angeles (NYP) Angels : RHP Kunihiro Sasaki
|
Batting: LHB Lou Toth
|
0-0: Ball 1-0: Ball 2-0: Ball 3-0: SINGLE (Groundball, 6MD, EV 96.9 MPH)
|
Batting: RHB Roger Pelley
|
0-0: Ball Lou Toth is caught stealing 2nd base 2-4 1-0: Swinging Strike 1-1: SINGLE (Flyball, 9LS, EV 85.6 MPH) - OUT at second base trying to stretch hit.
|
Batting: SHB Terciero Ortiz
|
0-0: Ball 1-0: Ball 2-0: Ball 3-0: Called Strike 3-1: Called Strike 3-2: DOUBLE (Line Drive, 5D, EV 97.5 MPH)
|
Batting: RHB Keith Goodwin
|
0-0: Ground out U3 (Groundball, 34, EV 86.2 MPH)
|
Top of the 2nd over - 0 runs, 3 hits, 0 errors, 1 left on base; Tri-City 0 - Los Angeles (NYP) 0 |
BOTTOM OF THE 2ND |
Los Angeles (NYP) Angels batting - Pitching for Tri-City ValleyCats : RHP Hector Carrillo
|
Batting: RHB Aaron Bryant
|
0-0: Ball 1-0: Called Strike 1-1: Foul Ball, location: 2F 1-2: SOLO HOME RUN (Flyball, 9D, EV 97.5 MPH), Distance : 400 ft
|
Batting: RHB Kyle Gray
|
0-0: Ball 1-0: Fly out, F8 (Flyball, 8LXD, EV 86.9 MPH)
|
Batting: LHB Matthew Bale
|
0-0: Ball 1-0: Fly out, F8 (Flyball, 8RM, EV 92.5 MPH)
|
Batting: LHB Jamie Diebel
|
0-0: Ball 1-0: Ground out 6-3 (Groundball, 6, EV 85.6 MPH)
|
Bottom of the 2nd over - 1 run, 1 hit, 0 errors, 0 left on base; Tri-City 0 - Los Angeles (NYP) 1 |
TOP OF THE 3RD |
Tri-City ValleyCats batting - Pitching for Los Angeles (NYP) Angels : RHP Kunihiro Sasaki
|
Batting: LHB Lu-po-teh Zhou
|
0-0: Ball 1-0: Foul Ball, location: 2F 1-1: SINGLE (Groundball, 6MD, EV 94.4 MPH)
|
Batting: RHB Domingas Saragoa
|
0-0: Called Strike 0-1: SINGLE (Groundball, 56D, EV 105.6 MPH) Lu-po-teh Zhou to second
|
Batting: RHB Patrick Pinault
|
0-0: Ball 1-0: DOUBLE (Line Drive, 89D, EV 108.1 MPH) Lu-po-teh Zhou scores Domingas Saragoa to third
|
Batting: RHB Jason Monico
|
0-0: Ball 1-0: Foul Ball, location: 2F 1-1: DOUBLE (Flyball, 8LXD, EV 103.8 MPH) Domingas Saragoa scores Patrick Pinault scores
|
Batting: RHB Josh Broome
|
0-0: Ground out 1-3 (Groundball, P, EV 70.6 MPH) Jason Monico to third
|
Batting: LHB Lou Toth
|
0-0: Ground out 4-3 (Groundball, 34, EV 101.2 MPH) Jason Monico scores
|
Batting: RHB Roger Pelley
|
0-0: Called Strike 0-1: Swinging Strike 0-2: Strikes out swinging, 2-3 out at first.
|
Top of the 3rd over - 4 runs, 4 hits, 0 errors, 0 left on base; Tri-City 4 - Los Angeles (NYP) 1 |
BOTTOM OF THE 3RD |
Los Angeles (NYP) Angels batting - Pitching for Tri-City ValleyCats : RHP Hector Carrillo
|
Batting: SHB Tim Connell
|
0-0: Ball 1-0: Ball 2-0: Ball 3-0: Base on Balls
|
Batting: RHB Ken Hillman
|
0-0: Swinging Strike 0-1: Ball 1-1: Called Strike 1-2: Strikes out swinging
|
Batting: RHB Scott Webb
|
0-0: Foul Ball, location: 2F 0-1: Ball 1-1: Grounds into double play, 6-4-3 (Groundball, 6, EV 86.2 MPH)
|
Bottom of the 3rd over - 0 runs, 0 hits, 0 errors, 0 left on base; Tri-City 4 - Los Angeles (NYP) 1 |
TOP OF THE 4TH |
Tri-City ValleyCats batting - Pitching for Los Angeles (NYP) Angels : RHP Kunihiro Sasaki
|
Batting: SHB Terciero Ortiz
|
0-0: Foul Ball, location: 2F 0-1: Called Strike 0-2: Foul Ball, location: 2F 0-2: Ground out 4-3 (Groundball, 4, EV 90.6 MPH)
|
Batting: RHB Keith Goodwin
|
0-0: Hit by Pitch
|
Batting: LHB Lu-po-teh Zhou
|
0-0: Swinging Strike 0-1: Foul Ball, location: 2F 0-2: Strikes out swinging
|
Batting: RHB Domingas Saragoa
|
0-0: DOUBLE (Line Drive, 89XD, EV 104.4 MPH) Keith Goodwin to third Runner from 3rd tries for Home, SAFE, throw by CF to trailing runner, SAFE at third!
|
Batting: RHB Patrick Pinault
|
0-0: Ball 1-0: Ground out 1-3 (Groundball, 15S, EV 61.9 MPH)
|
Top of the 4th over - 1 run, 1 hit, 0 errors, 1 left on base; Tri-City 5 - Los Angeles (NYP) 1 |
BOTTOM OF THE 4TH |
Los Angeles (NYP) Angels batting - Pitching for Tri-City ValleyCats : RHP Hector Carrillo
|
Batting: LHB Edgar van der Meeren
|
0-0: Ball 1-0: Ball 2-0: Called Strike 2-1: Swinging Strike 2-2: Ball 3-2: Strikes out looking
|
Batting: RHB Ivan Barrientos
|
0-0: Ball 1-0: Ground out 4-3 (Groundball, 4, EV 88.1 MPH)
|
Batting: RHB Aaron Bryant
|
0-0: Fly out, F7 (Flyball, 78S, EV 87.5 MPH)
|
Bottom of the 4th over - 0 runs, 0 hits, 0 errors, 0 left on base; Tri-City 5 - Los Angeles (NYP) 1 |
TOP OF THE 5TH |
Tri-City ValleyCats batting - Pitching for Los Angeles (NYP) Angels : RHP Kunihiro Sasaki
|
Batting: RHB Jason Monico
|
0-0: Called Strike 0-1: Ball 1-1: SINGLE (Groundball, 25, EV 66.9 MPH) (infield hit)
|
Pitching: RHP Humberto Paniagua
|
|
Batting: RHB Josh Broome
|
0-0: Ball 1-0: Foul Ball, location: 2F 1-1: Called Strike 1-2: Ball Jason Monico steals 2nd base 2-2: Ground out 6-3 (Groundball, 6D, EV 106.2 MPH)
|
Batting: LHB Lou Toth
|
0-0: SINGLE (Line Drive, 9S, EV 105.6 MPH) Jason Monico to third
|
Batting: RHB Roger Pelley
|
0-0: Called Strike 0-1: Ball 1-1: Foul Ball, location: 2F 1-2: Strikes out swinging
|
Batting: SHB Terciero Ortiz
|
0-0: Swinging Strike 0-1: Called Strike 0-2: Ball 1-2: Strikes out swinging
|
Top of the 5th over - 0 runs, 2 hits, 0 errors, 2 left on base; Tri-City 5 - Los Angeles (NYP) 1 |
BOTTOM OF THE 5TH |
Los Angeles (NYP) Angels batting - Pitching for Tri-City ValleyCats : RHP Hector Carrillo
|
Batting: RHB Kyle Gray
|
0-0: Ball 1-0: Ball 2-0: Foul Ball, location: 2F 2-1: Fly out, F8 (Flyball, 89M, EV 90.6 MPH)
|
Batting: LHB Matthew Bale
|
0-0: Ball 1-0: Swinging Strike 1-1: Fly out, F7 (Flyball, 7, EV 81.9 MPH)
|
Batting: LHB Jamie Diebel
|
0-0: SINGLE (Groundball, 6MD, EV 99.4 MPH)
|
Batting: SHB Tim Connell
|
0-0: Called Strike 0-1: Ground out 5-3 (Groundball, 56S, EV 66.2 MPH)
|
Bottom of the 5th over - 0 runs, 1 hit, 0 errors, 1 left on base; Tri-City 5 - Los Angeles (NYP) 1 |
TOP OF THE 6TH |
Tri-City ValleyCats batting - Pitching for Los Angeles (NYP) Angels : RHP Humberto Paniagua
|
Batting: RHB Keith Goodwin
|
0-0: Ball 1-0: DOUBLE (Groundball, 5L, EV 94.4 MPH)
|
Batting: LHB Lu-po-teh Zhou
|
0-0: Swinging Strike 0-1: Foul Ball, location: 2F 0-2: Strikes out looking
|
Batting: RHB Domingas Saragoa
|
0-0: Swinging Strike 0-1: Ball 1-1: Called Strike 1-2: Foul Ball, location: 2F 1-2: Ball 2-2: Foul Ball, location: 2F 2-2: Ball 3-2: Strikes out swinging
|
Pitching: RHP Troy Ingram
|
|
Batting: RHB Patrick Pinault
|
0-0: Ball 1-0: Foul Ball, location: 2F 1-1: Ground out 5-3 (Groundball, 25, EV 81.9 MPH)
|
Top of the 6th over - 0 runs, 1 hit, 0 errors, 1 left on base; Tri-City 5 - Los Angeles (NYP) 1 |
BOTTOM OF THE 6TH |
Los Angeles (NYP) Angels batting - Pitching for Tri-City ValleyCats : RHP Hector Carrillo
|
Batting: RHB Ken Hillman
|
0-0: Foul Ball, location: 2F 0-1: Ball 1-1: Swinging Strike 1-2: Strikes out swinging
|
Batting: RHB Scott Webb
|
0-0: Ball 1-0: Called Strike 1-1: Ball 2-1: Called Strike 2-2: SINGLE (Groundball, 6D, EV 105.0 MPH)
|
Batting: LHB Edgar van der Meeren
|
0-0: Called Strike Scott Webb steals 2nd base 0-1: Swinging Strike 0-2: Strikes out swinging
|
Batting: RHB Ivan Barrientos
|
0-0: Called Strike 0-1: SINGLE (Groundball, 56S, EV 68.1 MPH) (infield hit) Scott Webb to third
|
Batting: RHB Aaron Bryant
|
0-0: Called Strike 0-1: Ball 1-1: Ground out 6-3 (Groundball, 6S, EV 70.6 MPH)
|
Bottom of the 6th over - 0 runs, 2 hits, 0 errors, 2 left on base; Tri-City 5 - Los Angeles (NYP) 1 |
TOP OF THE 7TH |
Tri-City ValleyCats batting - Pitching for Los Angeles (NYP) Angels : RHP Troy Ingram
|
Batting: RHB Jason Monico
|
0-0: Called Strike 0-1: Ball 1-1: Ball 2-1: Ball 3-1: Base on Balls
|
Batting: RHB Josh Broome
|
0-0: Called Strike Jason Monico steals 2nd base (no throw) 0-1: Swinging Strike 0-2: Hit by Pitch
|
Batting: LHB Lou Toth
|
0-0: Ball 1-0: Ball 2-0: Ball 3-0: Base on Balls Jason Monico to third Josh Broome to second
|
Batting: RHB Roger Pelley
|
0-0: Ball 1-0: Reached on error, E5 (Groundball, 56S, EV 92.5 MPH) Jason Monico scores Josh Broome to third Lou Toth to second
|
Batting: SHB Terciero Ortiz
|
0-0: Called Strike 0-1: Ball 1-1: Fielders Choice at 2nd, 6-4 (Groundball, 6, EV 86.2 MPH) Josh Broome scores Lou Toth to third
|
Batting: RHB Keith Goodwin
|
0-0: Ball 1-0: Foul Ball, location: 2F 1-1: Ball 2-1: Called Strike 2-2: Fly out, F9 (Flyball, 9D, EV 93.8 MPH) Runner from 3rd tags up, SCORES, no throw by RF
|
Pitching: RHP Chris Adams
|
|
Batting: LHB Lu-po-teh Zhou
|
0-0: Ball 1-0: Ball Terciero Ortiz steals 2nd, throwing error, E2 Terciero Ortiz to third 2-0: Foul Ball, location: 2F 2-1: Called Strike 2-2: Ball 3-2: Strikes out looking
|
Top of the 7th over - 3 runs, 0 hits, 2 errors, 1 left on base; Tri-City 8 - Los Angeles (NYP) 1 |
BOTTOM OF THE 7TH |
Los Angeles (NYP) Angels batting - Pitching for Tri-City ValleyCats : RHP Hector Carrillo
|
Batting: RHB Kyle Gray
|
0-0: Ball 1-0: Ball 2-0: Called Strike 2-1: Ball 3-1: Swinging Strike 3-2: Foul Ball, location: 2F 3-2: Strikes out swinging
|
Batting: LHB Matthew Bale
|
0-0: Swinging Strike 0-1: Ball 1-1: Called Strike 1-2: Ball 2-2: Foul Ball, location: 2F 2-2: Strikes out swinging
|
Batting: LHB Jamie Diebel
|
0-0: Called Strike 0-1: Foul Ball, location: 2F 0-2: Ground out 3-1 (Groundball, 34, EV 93.8 MPH)
|
Bottom of the 7th over - 0 runs, 0 hits, 0 errors, 0 left on base; Tri-City 8 - Los Angeles (NYP) 1 |
TOP OF THE 8TH |
Tri-City ValleyCats batting - Pitching for Los Angeles (NYP) Angels : RHP Chris Adams
|
Batting: RHB Domingas Saragoa
|
0-0: Foul Ball, location: 2F 0-1: Ball 1-1: Ground out 1-3 (Groundball, 15S, EV 72.5 MPH)
|
Batting: RHB Patrick Pinault
|
0-0: Ball 1-0: Called Strike 1-1: Called Strike 1-2: Strikes out swinging
|
Batting: RHB Jason Monico
|
0-0: Ball 1-0: Ball 2-0: Called Strike 2-1: Ball 3-1: Foul Ball, location: 2F 3-2: Base on Balls
|
Batting: RHB Josh Broome
|
0-0: Swinging Strike 0-1: Called Strike 0-2: Ball 1-2: SINGLE (Groundball, 6MD, EV 107.5 MPH) (infield hit) Jason Monico to second
|
Batting: LHB Lou Toth
|
0-0: Ball 1-0: Swinging Strike 1-1: Foul Ball, location: 2F 1-2: Strikes out swinging
|
Top of the 8th over - 0 runs, 1 hit, 0 errors, 2 left on base; Tri-City 8 - Los Angeles (NYP) 1 |
BOTTOM OF THE 8TH |
Los Angeles (NYP) Angels batting - Pitching for Tri-City ValleyCats : RHP Hector Carrillo
|
Pitching: LHP Shane Robinson
|
|
Batting: SHB Tim Connell
|
0-0: Called Strike 0-1: Ball 1-1: Ball 2-1: Ball 3-1: Called Strike 3-2: Base on Balls
|
Batting: RHB Ken Hillman
|
0-0: Called Strike 0-1: SINGLE (Groundball, 4MS, EV 82.5 MPH) (infield hit) Tim Connell to second
|
Batting: RHB Scott Webb
|
0-0: Ball 1-0: Ball 2-0: Called Strike 2-1: Foul Ball, location: 2F 2-2: Foul Ball, location: 2F 2-2: Strikes out swinging
|
Batting: RHB Dan Myers
|
0-0: Foul Ball, location: 2F 0-1: Swinging Strike 0-2: Fly out, F9 (Flyball, 9S, EV 77.5 MPH)
|
Batting: RHB Ivan Barrientos
|
0-0: Ball 1-0: Called Strike 1-1: Swinging Strike 1-2: Foul Ball, location: 2F 1-2: Ball 2-2: Strikes out swinging
|
Bottom of the 8th over - 0 runs, 1 hit, 0 errors, 2 left on base; Tri-City 8 - Los Angeles (NYP) 1 |
TOP OF THE 9TH |
Tri-City ValleyCats batting - Pitching for Los Angeles (NYP) Angels : RHP Chris Adams
|
Batting: RHB Roger Pelley
|
0-0: Fly out, F8 (Flyball, 8RS, EV 86.2 MPH)
|
Batting: SHB Terciero Ortiz
|
0-0: Ball 1-0: Ball 2-0: Ball 3-0: Base on Balls
|
Batting: RHB Keith Goodwin
|
0-0: Ball 1-0: Ball 2-0: Fielders Choice at 2nd, 3-6 (Groundball, 13, EV 92.5 MPH)
|
Batting: LHB Lu-po-teh Zhou
|
0-0: Called Strike 0-1: Ball 1-1: Ball 2-1: Swinging Strike 2-2: Strikes out swinging
|
Top of the 9th over - 0 runs, 0 hits, 0 errors, 1 left on base; Tri-City 8 - Los Angeles (NYP) 1 |
BOTTOM OF THE 9TH |
Los Angeles (NYP) Angels batting - Pitching for Tri-City ValleyCats : LHP Shane Robinson
|
Batting: RHB Aaron Bryant
|
0-0: Called Strike 0-1: Ball 1-1: Foul Ball, location: 2F 1-2: Foul Ball, location: 2F 1-2: Strikes out swinging
|
Batting: RHB Kyle Gray
|
0-0: Ball 1-0: Ball 2-0: Called Strike 2-1: Foul Ball, location: 2F 2-2: Foul Ball, location: 2F 2-2: Foul Ball, location: 2F 2-2: Ball 3-2: Foul Ball, location: 2F 3-2: Base on Balls
|
Pitching: RHP Brian Trejo
|
|
Batting: LHB Matthew Bale
|
0-0: Swinging Strike 0-1: Ball 1-1: SINGLE (Flyball, 4MD, EV 89.4 MPH) Kyle Gray to second
|
Batting: LHB Jamie Diebel
|
0-0: Called Strike 0-1: Swinging Strike 0-2: Ball 1-2: Ball 2-2: Strikes out looking
|
Batting: SHB Tim Connell
|
0-0: Called Strike 0-1: Swinging Strike 0-2: Ball 1-2: Ball 2-2: Strikes out swinging
|
Bottom of the 9th over - 0 runs, 1 hit, 0 errors, 2 left on base; Tri-City 8 - Los Angeles (NYP) 1 |
|